 Dungeon Crawl Stone Soup version 0.19.0-2-gae57169 (webtiles) character file.

5231 Woebin the Cleaver (level 10, -15/79 HPs)
             Began as a Minotaur Gladiator on Nov 3, 2016.
             Was a Believer of Hepliaklqana.
             Demolished by a spiny frog (23 damage)
             ... on level 1 of the Lair of Beasts.
             The game lasted 00:32:22 (8985 turns).

Woebin the Cleaver (Minotaur Gladiator)             Turns: 8985, Time: 00:32:22

Health: -15/79     AC:  6    Str: 23    XL:     10   Next: 35%
Magic:  9/9        EV: 15    Int:  5    God:    Hepliaklqana [**....]
Gold:   581        SH:  4    Dex: 11    Spells: 0 memorised, 9 levels left

rFire  . . .     SeeInvis .     a - +3 hand axe (freeze)
rCold  . . .     Gourm    +     q - +1 robe {MR+}
rNeg   . . .     Faith    .     g - +0 buckler
rPois  +         Spirit   .     c - +1 hat
rElec  .         Reflect  .     p - +0 cloak
rCorr  .         Harm     .     w - +0 pair of gloves
MR     ++...                    (no boots)
Stlth  ++........               L - amulet of the gourmand
                                R - ring of protection from magic
                                m - ring of poison resistance

@: very slightly contaminated
A: retaliatory headbutt, reduced essence, horns 2
a: Recall Ancestor, Ancestor Identity, Renounce Religion


You were on level 1 of the Lair of Beasts.
You worshipped Hepliaklqana.
Hepliaklqana was pleased with you.
You were completely stuffed.

You visited 3 branches of the dungeon, and saw 10 of its levels.

You collected 581 gold pieces.

Inventory:

Hand Weapons
 a - a +3 hand axe of freezing (weapon)
 b - a +1 hunting sling of flaming
 O - a +0 war axe
Missiles
 d - a throwing net
 l - 7 needles of sleeping
 v - 3 tomahawks (quivered)
 x - 44 poisoned needles
 B - 210 stones
Armour
 c - a +1 hat (worn)
 g - a +0 buckler (worn)
 k - a +0 ring mail
 p - a +0 cloak (worn)
 q - a +1 robe of magic resistance (worn)
 w - a +0 pair of gloves (worn)
Jewellery
 m - a ring of poison resistance (left hand)
 y - an uncursed ring of flight
 F - an uncursed ring of stealth
 L - an amulet of the gourmand (around neck)
 M - an uncursed ring of positive energy
 N - an uncursed ring of ice
 R - a ring of protection from magic (right hand)
Wands
 I - a wand of iceblast (6/15)
 Q - a wand of confusion (21/48)
 T - a wand of flame (16/48)
Scrolls
 h - 3 scrolls of identify
 n - 3 scrolls of fear
 o - a scroll of enchant armour
 s - a scroll of teleportation
 z - 2 scrolls of amnesia {unknown}
 D - a scroll of enchant weapon
 H - 2 scrolls of remove curse
 K - 2 scrolls of fog
 V - a scroll of random uselessness {unknown}
Potions
 e - a potion of heal wounds {unknown}
 i - 2 potions of cure mutation {unknown}
 j - a potion of agility {unknown}
 r - 2 potions of resistance {unknown}
 C - a potion of might {unknown}
 G - a potion of degeneration {unknown}
 J - a potion of cancellation {unknown}
 S - 2 potions of curing {unknown}
Comestibles
 f - 11 bread rations
 t - 13 fruits
 u - a royal jelly
 E - 8 slices of pizza
 P - 3 meat rations
 U - 2 beef jerkies
 W - 2 chunks of flesh


   Skills:
 + Level 8.0 Fighting
 + Level 11.0 Axes
 + Level 8.3(8.6) Slings
 + Level 2.5(5.4) Throwing
 + Level 2.0 Armour
 + Level 6.9 Dodging
 + Level 3.3 Stealth
 + Level 3.0 Shields


You had 9 spell levels left.
You didn't know any spells.

Dungeon Overview and Level Annotations

Branches:
Dungeon (8/15)             Temple (1/1) D:6            Lair (1/6) D:8

Altars:
Ashenzari
Cheibriados
Elyvilon
Fedhas
Gozag
Hepliaklqana
Kikubaaqudgha
Makhleb
Nemelex Xobeh
Okawaru
Qazlal
Ru
Sif Muna
Trog
Uskayaw
Vehumet
Xom
Yredelemnul
Zin
The Shining One


Innate Abilities, Weirdness & Mutations

You reflexively headbutt those who attack you in melee.
You have a pair of horns on your head.
Your life essence is reduced. (-10% HP)


Message History

The spiny frog stings you!
* * * LOW HITPOINT WARNING * * *
Blink to where?
Press: ? - help, Dir - move target cursor, p - crocodile You are very lightly contaminated with residual magic.
As you read the scroll of blinking, it crumbles to dust.
There is an open door here.
There is an open door here.
You open the door.
The spiny frog stings you but does no damage.
The spiny frog barely misses you.
There is an open door here.
The spiny frog misses you. You furiously retaliate!
You headbutt the spiny frog, but do no damage.
The spiny frog misses you. You furiously retaliate!
You headbutt the spiny frog! The spiny frog stings you!
* * * LOW HITPOINT WARNING * * *
The spiny frog stings you!!
You die...

##.# ### #.## .##..
##.'######.####'###### .#.....
#.......###..........# #. #....⌠.
#.......###..........+...##......
#....t..+.............. #.......#
+.......#.#.......#..####..⌠..#..
P......t..+..t......⌠.##.........
#^......###......#...............
###.##### #....F@.⌠.>....⌠.⌠.⌠..⌠
#.## #......#............... #..#
#.......# .⌠.##......... ##.##
###....## .#.##..⌠..... #..#
#.#.... .####....... ##+.###
###..... # ##...... ......#
#.....# ###....⌠. ......# ......#
##...#.... .>....P# ##....#....


You could see a spiny frog and a crocodile.

Vanquished Creatures
  Nergalle (Lair:1)
  A rime drake (Lair:1)
  A spiny frog (Lair:1)
  A hippogriff (D:7)
  A human (D:8)
  The ghost of azzavlup the Skirmisher, an amateur DsGl (D:4)
  A porcupine (Lair:1)
  A sky beast (D:8)
  A phantom (D:5)
  An eye of draining (D:8)
  A black bear (Lair:1)
  4 ogres
  3 bullfrogs
  2 scorpions
  2 wights (D:6)
  2 howler monkeys (D:7)
  A crimson imp (D:6)
  A bullfrog zombie (D:7)
  A bullfrog skeleton (D:6)
  4 hounds
  An orc priest (D:4)
  6 orc wizards
  Terence (D:2)
  An iguana (D:5)
  4 worker ants
  Robin (D:3)
  A worker ant zombie (D:5)
  4 gnolls (D:5)
  6 adders
  A shadow imp (D:8)
  2 oozes
  3 adder zombies
  4 worms
  5 dart slugs
  6 leopard geckos
  12 orcs
  7 bats
  6 giant cockroaches
  22 goblins
  6 hobgoblins
  10 jackals
  3 quokkas
  2 ball pythons (D:1)
  3 frilled lizards
  A jackal zombie (D:7)
  8 kobolds
  A leopard gecko zombie (D:6)
  14 rats
  6 fungi (D:8)
178 creatures vanquished.

Vanquished Creatures (collateral kills)
  2 hippogriffs
  4 hogs (D:8)
  A water moccasin (D:8)
  An ice beast (D:6)
  A crocodile (D:8)
  A bullfrog (Lair:1)
  2 scorpions
  A wight (D:6)
  A crimson imp (D:7)
  4 jellies
  A worker ant (D:8)
  A shadow imp (D:8)
  A quokka (D:6)
  2 fungi (D:8)
  A plant (D:8)
24 creatures vanquished.

Vanquished Creatures (others)
  A battlemage (Lair:1)
1 creature vanquished.

Grand Total: 203 creatures vanquished

Notes
Turn   | Place    | Note
-------+----------+-------------------------------------------
     0 | D:1      | Woebin the Minotaur Gladiator began the quest for the Orb.
     0 | D:1      | Reached XP level 1. HP: 18/18 MP: 0/0
   132 | D:1      | Reached skill level 4 in Axes
   132 | D:1      | Reached XP level 2. HP: 25/25 MP: 1/1
   613 | D:1      | Found a sparkling altar of Nemelex Xobeh.
   771 | D:1      | Reached XP level 3. HP: 30/30 MP: 2/2
  1309 | D:2      | Reached skill level 5 in Axes
  1474 | D:2      | Reached XP level 4. HP: 30/37 MP: 3/3
  1525 | D:2      | Reached skill level 1 in Armour
  1565 | D:2      | Noticed Terence
  1570 | D:2      | Found a white marble altar of Elyvilon.
  1573 | D:2      | Killed Terence
  1936 | D:3      | Reached XP level 5. HP: 44/44 MP: 4/4
  2447 | D:3      | Noticed Robin
  2459 | D:3      | Killed Robin
  2733 | D:4      | Reached skill level 1 in Stealth
  2751 | D:4      | Reached skill level 6 in Axes
  2751 | D:4      | Reached XP level 6. HP: 22/51 MP: 5/5
  2802 | D:4      | Noticed azzavlup's ghost (amateur DsGl)
  2811 | D:4      | Killed azzavlup's ghost
  2811 | D:4      | Reached skill level 1 in Slings
  2811 | D:4      | Reached skill level 1 in Shields
  3302 | D:4      | Reached XP level 7. HP: 59/59 MP: 6/6
  3755 | D:5      | Entered Level 5 of the Dungeon
  3874 | D:5      | Reached skill level 7 in Axes
  4361 | D:5      | Reached skill level 5 in Dodging
  4837 | D:6      | Reached XP level 8. HP: 67/67 MP: 7/7
  4869 | D:6      | Found a staircase to the Ecumenical Temple.
  4882 | Temple   | Entered the Ecumenical Temple
  5038 | Temple   | Became a worshipper of Hepliaklqana the Forgotten
  5155 | D:6      | Reached skill level 5 in Slings
  5198 | D:6      | Reached skill level 5 in Fighting
  5738 | D:6      | Reached skill level 8 in Axes
  5807 | D:7      | Noticed a hippogriff
  5818 | D:7      | Killed a hippogriff
  6182 | D:7      | Reached * piety under Hepliaklqana
  6216 | D:7      | Noticed a hippogriff
  6229 | D:7      | Killed a hippogriff
  6229 | D:7      | Reached XP level 9. HP: 16/67 MP: 8/8
  6846 | D:7      | Found a shattered altar of Ashenzari.
  7216 | D:8      | Found a staircase to the Lair.
  7265 | D:8      | Reached ** piety under Hepliaklqana
  7266 | D:8      | Remembered your ancestor Amenemopet as a battlemage
  7331 | D:8      | Reached skill level 9 in Axes
  8243 | D:8      | Reached skill level 10 in Axes
  8359 | Lair:1   | Entered Level 1 of the Lair of Beasts
  8414 | Lair:1   | Noticed a spiny frog
  8423 | Lair:1   | Killed a spiny frog
  8423 | Lair:1   | Reached XP level 10. HP: 40/77 MP: 9/9
  8743 | Lair:1   | Noticed Nergalle
  8757 | Lair:1   | Killed Nergalle
  8936 | Lair:1   | Noticed a spiny frog
  8941 | Lair:1   | Reached skill level 11 in Axes
  8985 | Lair:1   | Demolished by a spiny frog

Skill      XL: |  1  2  3  4  5  6  7  8  9 10 |
---------------+-------------------------------+-----
Axes           | 4 5 6 7 8 10 11 | 11.0
Dodging        | 4 5 6 |  6.9
Armour         | 1 2 |  2.0
Fighting       | 3 4 5 7 8 |  8.0
Stealth        | 1 2 3 |  3.3
Slings         | 1 4 7 8 |  8.3
Shields        | 1 2 3 |  3.0
Throwing       | |  2.5

Action                   |  1- 3 |  4- 6 |  7- 9 | 10-12 || total
-------------------------+-------+-------+-------+-------++-------
Melee: War axe           |    87 |    77 |    59 |       ||   223
       Headbutt          |    14 |    11 |    30 |     8 ||    63
       Hand axe          |       |       |   137 |    23 ||   160
 Fire: Hunting sling     |       |    25 |   118 |     1 ||   144
Throw: Tomahawk          |     4 |    12 |       |     1 ||    17
       Throwing net      |       |     3 |       |       ||     3
Invok: Ancestor Life: Ba |       |       |     1 |       ||     1
  Use: Scroll            |     3 |     1 |     9 |     1 ||    14
 Stab: Sleeping          |       |     1 |     2 |     1 ||     4
  Eat: Chunk             |     2 |     6 |    32 |     4 ||    44
Armor: Leather armour    |    14 |       |       |       ||    14
       Ring mail         |    12 |     7 |       |       ||    19
       Robe              |       |    17 |    33 |     4 ||    54
Dodge: Dodged            |    51 |    47 |   107 |    17 ||   222
Block: Buckler           |     4 |    10 |    23 |     4 ||    41
